 Dungeon Crawl Stone Soup version 0.19-a0-678-ge7aab0b (webtiles) character file.

7179 shmeve the Cleaver (level 10, -3/142 HPs)
             Began as a Minotaur Berserker on June 17, 2016.
             Was a High Priest of Trog.
             Slain by a giant leech (20 damage)
             ... on level 2 of the Lair of Beasts.
             The game lasted 00:16:05 (8618 turns).

shmeve the Cleaver (Minotaur Berserker)             Turns: 8618, Time: 00:16:05

Health: -3/142     AC: 16    Str: 30    XL:     10   Next: 86%
Magic:  9/9        EV: 11    Int:  9    God:    Trog [*****.]
Gold:   508        SH:  0    Dex: 12    Spells: 0 memorised, 9 levels left

rFire  . . .     SeeInvis .     D - +0 war axe
rCold  . . .     Gourm    .     F - +0 plate armour
rNeg   . . .     Faith    .     (no shield)
rPois  .         Spirit   .     (helmet restricted)
rElec  .         Dismiss  .     p - +0 cloak (curse)
rCorr  .         Reflect  .     B - +0 pair of gloves
SustAt .         Harm     .     (no boots)
MR     ++...                    (no amulet)
Stlth  ..........               C - +2 ring of dexterity
                                y - +5 ring of intelligence

@: berserking, regenerating, very quick, very resistant to hostile enchantments,
extremely unstealthy
A: retaliatory headbutt, horns 2
a: Berserk, Trog's Hand, Brothers in Arms, Burn Spellbooks, Renounce Religion


You were on level 2 of the Lair of Beasts.
You worshipped Trog.
Trog was extremely pleased with you.
You were very hungry.

You visited 2 branches of the dungeon, and saw 10 of its levels.

You collected 508 gold pieces.

Inventory:

Hand Weapons
 D - a +0 war axe (weapon)
Missiles
 d - 6 steel tomahawks
 q - 4 tomahawks (quivered)
 x - 5 throwing nets
 E - 7 javelins of penetration
Armour
 p - a cursed +0 cloak (worn)
 B - a +0 pair of gloves (worn)
 F - a +0 plate armour (worn)
Jewellery
 y - a +5 ring of intelligence (left hand)
 C - a +2 ring of dexterity (right hand)
Wands
 G - a wand of confusion (17/48)
Scrolls
 e - a scroll of fear {unknown}
 f - 3 scrolls of blinking {unknown}
 g - 9 scrolls of identify {unknown}
 j - 3 scrolls of remove curse {unknown}
 o - 2 scrolls of noise {unknown}
 u - 2 scrolls of enchant weapon {unknown}
 v - a scroll of enchant armour {unknown}
 w - 2 scrolls of immolation {unknown}
 A - a scroll of fog {unknown}
 I - a scroll of brand weapon {unknown}
 L - a scroll of recharging {unknown}
Potions
 b - 4 potions of curing {unknown}
 h - 6 potions of heal wounds {unknown}
 i - 3 potions of invisibility {unknown}
 k - 2 potions of haste {unknown}
 l - 2 potions of resistance {unknown}
 m - a potion of ambrosia {unknown}
 n - a potion of agility
 r - 2 potions of magic {unknown}
 t - 2 potions of cure mutation {unknown}
 z - a potion of mutation {unknown}
 H - a potion of flight {unknown}
 M - a potion of degeneration {unknown}
Books
 J - a Necronomicon

   Spells                             Type                      Level
   a - Haunt                          Necromancy/Summoning         7
   b - Borgnjor's Revivification      Necromancy                   8
   c - Death's Door                   Charms/Necromancy            8
   d - Necromutation                  Transmutation/Necromancy     8
   Trog disapproves of the use of such an item.
Comestibles
 a - 3 meat rations
 c - 3 bread rations
 s - 5 slices of pizza


   Skills:
 * Level 11.0 Fighting
 * Level 11.3 Axes
 + Level 6.1 Throwing
 + Level 8.2 Armour
 + Level 7.2 Dodging


You had 9 spell levels left.
You didn't know any spells.

Dungeon Overview and Level Annotations

Branches:
Dungeon (8/15)             Temple (0/1) D:5            Lair (2/6) D:8
  Swamp (0/4) Lair:2
  Snake: Lair:2-4    Spider: Lair:2-4

Altars:
Dithmenos
Elyvilon
Hepliaklqana
Kikubaaqudgha
Nemelex Xobeh
Pakellas
Ru
Xom
Zin
The Shining One


Innate Abilities, Weirdness & Mutations

You reflexively headbutt those who attack you in melee.
You have a pair of horns on your head.


Message History

The tomahawk barely misses the giant leech.
You hear a splash.
The giant leech closely misses you.
A sheep comes into view.
The sheep bleats!
Your skin crawls.
You feel resistant to hostile enchantments.
You feel somewhat more hungry.
A red film seems to cover your vision as you go berserk!
You feel yourself moving faster!
You feel mighty!
You are feeling very hungry.
The giant leech bites you!
* * * LOW HITPOINT WARNING * * *
2 sheep come into view.
You closely miss the giant leech.
The sheep bleats!
You headbutt the giant leech!
The giant leech is lightly wounded.
The giant leech bites you!!
You die...

........#..
.##....#.......YY.##.#.#
........................
........................
................Y.......
........................
..................§.....
#.................§.§...
##..............@.......
##.............w...♣...
#.#..........♣♣.♣♣♣#
#.##.....#..♣♣§§§♣
##..........♣≈§§≈≈♣
#...........♣♣§§§♣♣
#............♣§§≈§♣
.............♣♣§§♣♣
#.............♣♣♣♣


You could see a giant leech and 3 sheep.

Vanquished Creatures
  The ghost of splatman the Magician, a novice DsTm of Makhleb (D:6)
  A komodo dragon (Lair:1)
  The ghost of Mekire the Cutter, an amateur DsCK of Xom (D:4)
  9 yaks (Lair:1)
  A hippogriff (Lair:1)
  Menkaure (D:7)
  A water moccasin (Lair:1)
  Duvessa (D:4)
  2 porcupines (Lair:1)
  2 sky beasts (D:5)
  A black bear (D:8)
  An orc warrior (D:7)
  3 ogres
  12 wolves (Lair:1)
  3 centaurs
  3 crocodiles (Lair:1)
  Blork the orc (D:5)
  5 giant frogs
  A wyvern skeleton (D:6)
  Dowan (D:4)
  2 scorpions
  6 killer bees (D:7)
  5 wights (D:8)
  A hound (D:7)
  4 crimson imps
  3 orc priests
  3 jellies
  5 orc wizards
  A giant frog skeleton (D:7)
  3 iguanas
  6 worker ants
  23 river rats
  10 adders
  10 gnolls
  2 oozes
  An adder zombie (D:5)
  An adder skeleton (D:5)
  4 worms
  2 dart slugs (D:2)
  6 giant geckos
  21 orcs
  A ball python (D:4)
  12 bats
  5 giant cockroaches
  5 goblins
  7 hobgoblins
  3 jackals
  5 quokkas
  A giant gecko skeleton (D:6)
  A giant gecko zombie (D:5)
  4 giant newts
  9 kobolds
  11 rats
  4 fungi
238 creatures vanquished.

Vanquished Creatures (others)
  2 fungi (D:8)
  A plant (D:8)
3 creatures vanquished.

Grand Total: 241 creatures vanquished

Notes
Turn   | Place    | Note
--------------------------------------------------------------
     0 | D:1      | shmeve the Minotaur Berserker began the quest for the Orb.
     0 | D:1      | Reached XP level 1. HP: 19/19 MP: 0/0
   212 | D:1      | Reached XP level 2. HP: 26/27 MP: 1/1
  1093 | D:2      | Reached XP level 3. HP: 30/33 MP: 2/2
  1102 | D:2      | Reached ** piety under Trog
  1225 | D:2      | Reached skill level 1 in Throwing
  1501 | D:2      | Reached XP level 4. HP: 34/40 MP: 3/3
  2182 | D:3      | Reached XP level 5. HP: 27/47 MP: 4/4
  2535 | D:3      | Reached skill level 5 in Axes
  2565 | D:3      | Reached *** piety under Trog
  2836 | D:4      | Noticed Duvessa
  2838 | D:4      | Noticed Dowan
  2845 | D:4      | Killed Duvessa
  2845 | D:4      | Reached skill level 5 in Fighting
  2845 | D:4      | Reached XP level 6. HP: 56/56 MP: 5/5
  2849 | D:4      | Killed Dowan
  2957 | D:4      | Noticed Mekire's ghost (amateur DsCK)
  2968 | D:4      | Killed Mekire's ghost
  2968 | D:4      | Reached XP level 7. HP: 62/62 MP: 6/6
  3764 | D:5      | Entered Level 5 of the Dungeon
  3774 | D:5      | Reached **** piety under Trog
  4077 | D:5      | Noticed Blork the orc
  4082 | D:5      | Killed Blork the orc
  4082 | D:5      | Reached XP level 8. HP: 71/71 MP: 7/7
  4182 | D:5      | Found a staircase to the Ecumenical Temple.
  4344 | D:5      | Reached skill level 5 in Armour
  4607 | D:5      | Found a shimmering altar of Xom.
  4763 | D:5      | Found an ancient bone altar of Kikubaaqudgha.
  4969 | D:6      | Reached ***** piety under Trog
  5150 | D:6      | Reached skill level 5 in Dodging
  5275 | D:6      | Found an oddly glowing altar of Pakellas.
  5390 | D:6      | Noticed splatman's ghost (novice DsTm)
  5398 | D:6      | Killed splatman's ghost
  5398 | D:6      | Reached XP level 9. HP: 82/82 MP: 8/8
  6103 | D:7      | Found a white marble altar of Elyvilon.
  6103 | D:7      | Found a glowing golden altar of the Shining One.
  6104 | D:7      | Found a shadowy altar of Dithmenos.
  6291 | D:7      | Noticed Menkaure
  6299 | D:7      | Killed Menkaure
  6449 | D:7      | Found a sacrificial altar of Ru.
  6533 | D:8      | Found a staircase to the Lair.
  6545 | D:8      | Received a gift from Trog
  6659 | D:8      | Found a glowing silver altar of Zin.
  6659 | D:8      | Noticed an angel
  6660 | D:8      | Found a shimmering altar of Xom.
  6737 | D:8      | Reached skill level 5 in Throwing
  6766 | D:8      | Found a hazy altar of Hepliaklqana.
  6776 | D:8      | Found a sparkling altar of Nemelex Xobeh.
  7345 | Lair:1   | Entered Level 1 of the Lair of Beasts
  7351 | Lair:1   | Reached XP level 10. HP: 70/93 MP: 9/9
  7354 | Lair:1   | Reached skill level 10 in Axes
  7518 | Lair:1   | Reached skill level 10 in Fighting
  8147 | Lair:1   | Received a gift from Trog
  8599 | Lair:2   | Found a staircase to the Swamp.
  8618 | Lair:2   | Slain by a giant leech

Vault maps used:
D:1:      moated_graveyard_arrival, due_unseen_surprise
D:2:      corexii_shack, grunt_decor_one_mirror
D:3:      kennysheep_six_static_rooms, roderic_serpentine_path
D:4:      uniq_duvessa
D:5:      kennysheep_little_box, minmay_temple_entry_junction, first_bread,
          minmay_misc_feat_five, tgw_xom, uniq_blork_the_orc
D:6:      lemuel_coloured_pillars_altar
D:7:      nicolae_ru_sacrificial_ziggurat, gammafunk_temple_overflow_claw,
          uniq_menkaure
D:8:      grunt_temple_overflow_order_and_chaos_1, lemuel_crystal_altar,
          nemelex_xobeh_ov_fountains_minmay, due_lair_maze_entry_diamond
Lair:2:   minmay_swamp_entry_worms, spider_nest_entry_a, enter_volcano_2,
          lab_entry_generic

Skill      XL: |  1  2  3  4  5  6  7  8  9 10 |
---------------+-------------------------------+-----
Axes           | 4 5 6 7 8 9 11 | 11.3
Fighting       | 4 5 6 8 9 11 | 11.0
Throwing       | 1 2 3 4 5 6 |  6.1
Armour         | 3 4 6 7 8 |  8.2
Dodging        | 3 4 5 6 7 |  7.2

Action                   |  1- 3 |  4- 6 |  7- 9 | 10-12 || total
-------------------------+-------+-------+-------+-------++-------
Melee: Hand axe          |   100 |    99 |   133 |       ||   332
       Headbutt          |    13 |    23 |    62 |    27 ||   125
       War axe           |       |       |   141 |   121 ||   262
Throw: Tomahawk          |     1 |    12 |    24 |    11 ||    48
Invok: Berserk           |       |     2 |     5 |     1 ||     8
       Burn Spellbooks   |       |     1 |     4 |     2 ||     7
       Trog's Hand       |       |       |       |     1 ||     1
  Eat: Chunk             |     2 |     6 |    15 |     5 ||    28
       Fruit             |       |       |     4 |       ||     4
Armor: Scale mail        |    56 |    37 |    57 |       ||   150
       Chain mail        |       |       |    49 |       ||    49
       Plate armour      |       |       |    56 |    93 ||   149
Dodge: Dodged            |    63 |    59 |   180 |    95 ||   397
